Match 46144005
Unlisted

Match 46144005
End
Construct Infanterie Kompanie
Kettenkrad Recon Vehicle
Selects Terror Battlegroup
Selects Machine Gun Camouflage
Grenadier Squad
MG 42 Machine Gun Team
Grenadier Squad
Construct Panzergrenadier Kompanie
251 Medium Carrier
Selects Interrogate
Pak 40 Anti-tank Gun Team
Panzergrenadier Officer Quarters
Panzergrenadier Squad
Support Elements
Selects Defend the Fatherland
Pioneer Squad
Construct Panzer Kompanie
Defend the Fatherland
Pak 40 Anti-tank Gun Team
Stoßtruppen Squad
Pak 40 Anti-tank Gun Team
Medical Station
Panzer Officer Quarters
Pak 40 Anti-tank Gun Team
Pak 40 Anti-tank Gun Team
$nackzor
Sgannarel
frye
MY BIG FAT ORK WEDDING
Kampfstärke
Squirtle
Minimizen
Меткић'94
0
0

Comments sign in to comment!

No comments posted yet!